 Dungeon Crawl Stone Soup version 0.26-a0-682-g294304f6e8 (webtiles) character file.

Game seed: 7113898132953121557

(classic levelgen) 2 EnegeticOcto the Digger (level 1, -1/11 HPs)
             Began as a Halfling Earth Elementalist on Oct 20, 2020.
             Slain by a kobold
             ... wielding a +0 dagger
              (2 damage)
             ... on level 2 of the Dungeon.
             The game lasted 00:00:27 (80 turns).

EnegeticOcto the Digger (Halfling Earth Elementalist) Turns: 80, Time: 00:00:28

Health: -1/11      AC:  2    Str:  9    XL:     1   Next: 44%
Magic:  3/3        EV: 15    Int: 13    God:
Gold:   0          SH:  0    Dex: 14    Spells: 2/3 levels left

rFire    . . .     SeeInvis .   h - -3 spear (curse)
rCold    . . .     Faith    .   (shield restricted)
rNeg     + . .     Spirit   .   c - +0 robe
rPois    .         Reflect  .   (no helmet)
rElec    .         Harm     .   (no cloak)
rCorr    .         Rampage  .   (no gloves)
MR       .....                  (no boots)
Stlth    ++........             (no amulet)
HPRegen  0.03/turn              e - ring of positive energy
MPRegen  0.08/turn              (no ring)

@: no status effects
A: small, mutation resistance 1
a: no special abilities


You were on level 2 of the Dungeon.
You visited 1 branch of the dungeon, and saw 2 of its levels.

Inventory:

Hand Weapons
 h - a cursed -3 spear (weapon)
Missiles
 b - 30 stones (quivered)
Armour
 c - a +0 robe (worn)
 d - a +0 chain mail
Jewellery
 e - a ring of positive energy (left hand)
Scrolls
 a - a scroll of noise {unknown}
 f - a scroll of identify {unknown}
Potions
 g - a potion of curing {unknown}


   Skills:
 - Level 2.1 Dodging
 - Level 2.1 Stealth
 - Level 1.5 Spellcasting
   Level 0.5 Transmutations
 + Level 3.2 Earth Magic


You had 2 spell levels left.
You knew the following spells:

 Your Spells              Type           Power        Failure   Level
a - Sandblast             Erth           #.....       7%          1

Your spell library contained the following spells:

 Spells                   Type           Power        Failure   Level
 Passwall                 Tmut/Erth      #.......     19%         2
 Stone Arrow              Conj/Erth      #.....       38%         3
 Petrify                  Tmut/Erth      #.......     77%         4
 Lee's Rapid Deconstruct  Erth           #.........   89%         5


Dungeon Overview and Level Annotations

Branches:
Dungeon (2/15)

Altars:


Innate Abilities, Weirdness & Mutations

You are small and have problems with some larger weapons.
You are somewhat resistant to further mutation.


Message History

Welcome, EnegeticOcto the Halfling Earth Elementalist.
Will you be the one to retrieve the awesome Orb of Zot from the depths?
Press ? for a list of commands and other information.
Found three items.
Found a staircase leading out of the dungeon.
Found a chain mail.
a - a scroll labeled LICOLE JALOTZA You see here a chain mail.
d - a chain mail
e - an encrusted ivory ring
e - a ring of positive energy (left hand)
Found a scroll labeled PEKIKOECOO.
f - a scroll labeled PEKIKOECOO
Found a stone staircase leading down.
g - a pink potion
Found a spear.
There is a stone staircase leading down here.
A rat comes into view.
Found a ring mail.
Found a stone staircase leading down.
You see here a spear.
It sticks to your hand!
h - a cursed -3 spear (weapon)
A bat comes into view.
A leopard gecko comes into view.
The leopard gecko hisses angrily.
You reach to attack!
You completely miss the rat. You hit the rat but do no damage.
The rat closely misses you.
You hit the rat.
The rat is moderately wounded.
The leopard gecko bites you. The rat barely misses you.
You hit the rat.
You kill the rat!
The leopard gecko closely misses you. The leopard gecko barely misses you.
You hit the leopard gecko.
The leopard gecko is heavily wounded.
The leopard gecko bites you.
You hit the leopard gecko.
The leopard gecko is severely wounded.
The leopard gecko misses you.
You miss the leopard gecko.
The leopard gecko is severely wounded.
The leopard gecko barely misses you. x2
You miss the leopard gecko.
The leopard gecko is severely wounded.
The leopard gecko closely misses you.
You hit the leopard gecko.
You kill the leopard gecko!
No target in view!
The bat is sucked into a shaft!
The shaft crumbles and collapses.
No target in view!
(D) Dungeon
Where to? (? - help)
There is a stone staircase leading down here.
You climb downwards.
A bat and a kobold come into view.
The kobold shouts!
There is a stone staircase leading up here.
The bat misses you.
Found a plate armour.
You hit the kobold but do no damage. The bat hits you.
The kobold closely misses you.
You closely miss the kobold. The kobold hits you.
A kobold comes into view. It is wielding a +0 dagger.
You are too injured to fight recklessly!
You are too injured to fight recklessly!
You closely miss the bat. The bat hits you but does no damage.
The kobold hits you but does no damage. The bat misses you.
The kobold hits you.
* * * LOW HITPOINT WARNING * * *
The kobold shouts!
The bat completely misses you. The kobold barely misses you.
The bat hits you but does no damage. The kobold misses you.
You barely miss the kobold. The bat closely misses you. x2
The kobold hits you with a +0 dagger.
You die...

.......
#..#...
..#..#
###..[.#
.#......#
...#....##
.....#.Kb#
#......@.#
..###..K.###
##.....#
##.##.....
#<# #####
#.# #.# #.#
#.#


You could see a bat and 2 kobolds.

Vanquished Creatures
  A leopard gecko (D:1)
  A rat (D:1)
2 creatures vanquished.

Notes
Turn   | Place    | Note
-------+----------+-------------------------------------------
     0 | D:1      | EnegeticOcto the Halfling Earth Elementalist began the
                  | quest for the Orb.
     0 | D:1      | Reached XP level 1. HP: 11/11 MP: 3/3
    80 | D:2      | Slain by a kobold

Illustrated notes

Levels and vault maps discovered:
D:1:      scummos_arrival_simple_crosswalls, layout_rooms
D:2:      layout_rooms

Action                   || total
-------------------------++-------
Melee: Spear             ||    13
Armor: Robe              ||     3
Dodge: Dodged            ||    16

Table legend: (Time is in decaauts)
 A = Elapsed time spent in this place.
 B = Non-inter-level travel time spent in this place.
 C = Inter-level travel time spent in this place.
 D = Time resting spent in this place.
 E = Time spent auto-exploring this place.
 F = Levels seen in this place.
 G = Mean time per level.
                   A        B        C        D        E       F      G
               +--------+--------+--------+--------+--------+-----+--------+
         Total |     80 |     78 |      2 |      0 |      0 |   2 |   40.0 |
       Dungeon |     80 |     78 |      2 |      0 |      0 |   2 |   40.0 |
               +--------+--------+--------+--------+--------+-----+--------+

Top non-repeatable levels by time:
     D:1: 71 daAuts
     D:2: 8 daAuts
